 Dungeon Crawl Stone Soup version 0.30-a0-772-g5528072125 (webtiles) character file.

Game seed: 1930321097309712330

291 dolemite99 the Magician (level 6, -8/40 HPs)
             Began as a Djinni Fire Elementalist on Feb 13, 2023.
             Was a Believer of Cheibriados.
             Killed from afar by a white imp (12 damage)
             ... with a puff of frost
             ... on level 4 of the Dungeon.
             The game lasted 00:04:38 (3842 turns).

dolemite99 the Magician (Djinni Fire Elementalist)  Turns: 3842, Time: 00:04:39

Health: -8/40      AC:  2    Str: 11    XL:     6   Next: 58%
Gold:   272        EV: 27    Int: 22    God:    Cheibriados [**....] SH:  0 Dex: 18

rFire   + + .      SeeInvis .    p - +2 sling
rCold   x . .      Faith    .    (no shield)
rNeg    . . .      Spirit   .    a - +0 robe
rPois   ∞          Reflect  .    (no helmet)
rElec   .          Harm     .    (no cloak)
rCorr   .          Rampage  .    (no gloves)
Will    .....                    (boots unavailable)
Stlth   ++                       k - amulet of the acrobat
HPRegen 0.26/turn                (no ring)
MPRegen 0.00/turn                (no ring)

@: acrobatic, flying, very slow
A: sickness immunity, fire resistance 2, cold vulnerability 1, float, innate
caster, HP casting, extra vitality 1
a: Renounce Religion, Bend Time


You were on level 4 of the Dungeon.
You worshipped Cheibriados.
Cheibriados was pleased with you.
You visited 1 branch of the dungeon, and saw 4 of its levels.

You collected 272 gold pieces.

Inventory:

Hand Weapons
 f - a +0 dagger
 g - a +1 war axe of electrocution
 j - a +0 sling
 p - a +2 sling (weapon)
 r - a +0 flail
Armour
 a - a +0 robe (worn)
 q - the +1 robe of Jigsaw {rN++ Will- Str-3 Int+8}
   (You found it on level 3 of the Dungeon)

   Str:       It affects your strength (-3).
   Int:       It affects your intelligence (+8).
   rN:        It greatly protects you from negative energy.
   Will:      It decreases your willpower.
Jewellery
 k - an amulet of the acrobat (around neck)
Scrolls
 b - 2 scrolls of identify {@r1}
 d - 2 scrolls of noise
 m - a scroll of silence {unknown}
 o - a scroll of amnesia {unknown}
Potions
 c - a potion of might
 e - 4 potions of brilliance
 h - a potion of heal wounds
 i - a potion of invisibility
 l - 2 potions of curing {unknown}
 n - a potion of lignification


   Skills:
 - Level 2.1 Dodging
 - Level 1.5 Stealth
 + Level 5.3 Spellcasting


You couldn't memorise any spells.
You knew the following spells:

 Your Spells              Type           Power      Damage    Failure   Level
a - Foxfire               Conj/Fire      100%       2x1d9     1%          1
b - Scorch                Fire           58%        2d7       1%          2
c - Magic Dart            Conj           100%       1d8       1%          1
d - Inner Flame           Hex/Fire       29%        N/A       3%          3
e - Flame Wave            Conj/Fire      29%        2d9       11%         4
f - Kindle Blastsparks    Fire/Tloc/Air  58%        2d14      3%          3
g - Blink                 Tloc           58%        N/A       1%          2
Your spell library was empty.

Dungeon Overview and Level Annotations

Branches:
Dungeon (4/15)
 Temple: D:4-7

Altars:
Cheibriados

Shops:
D:1 [   D:4 :


Innate Abilities, Weirdness & Mutations

You are immune to sickness and miasma.
You are immune to poison.
Your flesh is very heat resistant. (rF++)
You are vulnerable to cold. (rC-)
You float through the air rather than walking.
You learn spells naturally, not from books.
Your magical power is your life essence.
You have superior vitality. (+4 MHP)


Message History

Done waiting.
You start waiting.
Done waiting.
l - 2 sedimented blue potions As you open the door, it creaks loudly!
A jackal comes into view.
The jackal barks!
You hear a shout!
You hear an angry hiss.
A white imp comes into view.
Found 18 gold pieces.
The jackal completely misses you.
There is an open door here.
You shoot a sling bullet.
The sling bullet closely misses the jackal.
The jackal misses you. The white imp gestures at you.
The puff of frost hits you!
You feel a terrible chill!
The jackal bites you but does no damage.
Casting: Scorch (safe; 1% risk of failure)
Confirm with . or Enter, or press ? or * to list all spells.
Flames lash the jackal.
The jackal is moderately wounded.
The jackal's fire resistance burns away.
The white imp gestures at you. The puff of frost hits you!
You feel a terrible chill! The jackal barely misses you.
A ball python comes into view.
The jackal bites you. The white imp gestures at you.
The puff of frost hits you!
You feel a terrible chill!
* * * LOW HITPOINT WARNING * * *
The jackal misses you.
Casting: Scorch (safe; 1% risk of failure)
Confirm with . or Enter, or press ? or * to list all spells.
Flames lash the jackal.
The jackal is burned terribly!
You kill the jackal!
Cheibriados thoroughly appreciates the change of pace.
* * * LOW HITPOINT WARNING * * *
You hear a bark!
The white imp gestures at you. The puff of frost hits you!
You feel a terrible chill!
You die...

#.######## ...
###.##...###...
...######....###......##
.............. #.#.#..##
#$..........# #.#.#..#.
#...........# #..)#....
#...........# ###...>..
#....5....# #<..#####
#@# #.......#
#.#########.####.#
#........[..# #..
#......########## ###
#.####... ..#..#
.#.....# ..#...#.# #.
##.. .#


You could see a white imp.

Vanquished Creatures
  A sky beast (D:4)
  An iguana (D:4)
  8 adders
  2 worms
  3 dart slugs
  2 orcs (D:3)
  6 bats
  8 endoplasms
  3 giant cockroaches
  11 goblins
  8 hobgoblins
  8 jackals
  3 kobolds
  A quokka (D:3)
  8 ball pythons
  A frilled lizard (D:2)
  8 rats
82 creatures vanquished.

Vanquished Creatures (others)
  54 foxfires
54 creatures vanquished.

Grand Total: 136 creatures vanquished

Notes
Turn   | Place    | Note
-------+----------+-------------------------------------------
     0 | D:1      | dolemite99 the Djinni Fire Elementalist began the quest for
                  | the Orb.
     0 | D:1      | dolemite99 set off with the following spells memorised:
                  | Foxfire, Scorch, Kindle Blastsparks, Inner Flame, Flame
                  | Wave.
     0 | D:1      | Reached XP level 1. HP: 15/15 MP: 0/0
    62 | D:1      | Reached XP level 2. HP: 14/21 MP: 0/0
   236 | D:1      | Reached skill level 3 in Spellcasting
   396 | D:1      | Reached XP level 3. HP: 24/25 MP: 0/0
   396 | D:1      | Learned a level 1 spell: Magic Dart
   570 | D:1      | Found Toarrukk's Armour Shoppe.
  1069 | D:2      | Found a snail-covered altar of Cheibriados.
  1085 | D:2      | Reached XP level 4. HP: 25/31 MP: 0/0
  1114 | D:2      | Became a worshipper of Cheibriados the Contemplative
  1601 | D:2      | Reached skill level 4 in Spellcasting
  2186 | D:3      | Reached * piety under Cheibriados
  2345 | D:3      | Reached XP level 5. HP: 29/35 MP: 0/0
  2345 | D:3      | Learned a level 2 spell: Blink
  2732 | D:3      | Identified the +1 robe of Jigsaw {rN++ Will- Str-3 Int+8}
  3370 | D:4      | Found Esit's Book Shop.
  3375 | D:4      | Reached XP level 6. HP: 38/40 MP: 0/0
  3444 | D:4      | Reached ** piety under Cheibriados
  3499 | D:4      | Noticed a sky beast
  3514 | D:4      | Killed a sky beast
  3515 | D:4      | Reached skill level 5 in Spellcasting
  3842 | D:4      | Killed from afar by a white imp

Illustrated notes

Levels and vault maps discovered:
D:1:      onia_arrival_handbag, layout_rooms, serial_shops,
          nicolae_shop_waterfront, chequers_serial_rivers_micro_b,
          patterned_corridor
D:2:      layout_basic, basic_altar, nrook_uturn
D:3:      layout_basic
D:4:      layout_basic, serial_shops, shop_coins, minmay_unequal

Skill      XL: |  1  2  3  4  5  6 |
---------------+-------------------+-----
Spellcasting   | 3 4 5 |  5.3
Dodging        | |  2.1
Stealth        | |  1.5

Action                     |  1- 3 |  4- 6 || total
---------------------------+-------+-------++-------
  Melee: Unarmed           |     2 |       ||     2
   Fire: Sling             |       |    38 ||    38
   Cast: Foxfire           |    27 |     2 ||    29
         Scorch            |    14 |    43 ||    57
         Magic Dart        |       |    11 ||    11
    Use: Scroll            |       |     9 ||     9
 Armour: Robe              |     7 |     5 ||    12
  Dodge: Dodged            |    34 |    36 ||    70

Table legend: (Time is in decaauts)
 A = Elapsed time spent in this place.
 B = Non-inter-level travel time spent in this place.
 C = Inter-level travel time spent in this place.
 D = Time resting spent in this place.
 E = Time spent auto-exploring this place.
 F = Levels seen in this place.
 G = Mean time per level.
                   A        B        C        D        E       F      G
               +--------+--------+--------+--------+--------+-----+--------+
         Total |   4478 |   4343 |    135 |    925 |   2670 |   4 | 1119.5 |
       Dungeon |   4478 |   4343 |    135 |    925 |   2670 |   4 | 1119.5 |
               +--------+--------+--------+--------+--------+-----+--------+

Top non-repeatable levels by time:
     D:3: 1726 daAuts
     D:2: 1086 daAuts
     D:1: 1049 daAuts
     D:4: 615 daAuts
